 Dungeon Crawl Stone Soup version 0.30-a0-772-g5528072125 (webtiles) character file.

Game seed: 10058458735651075305

275 kingofthe the Conjurer (level 6, -2/36 HPs)
             Began as an Octopode Conjurer on Feb 13, 2023.
             Slain by a gnoll
             ... wielding a +0 halberd
             ... led by a gnoll bouda
              (6 damage)
             ... on level 4 of the Dungeon.
             The game lasted 00:06:50 (1967 turns).

kingofthe the Conjurer (Octopode Conjurer)          Turns: 1967, Time: 00:06:50

Health: -2/36      AC:  1    Str:  6    XL:     6   Next: 25%
Magic:  10/10      EV: 14    Int: 20    God:
Gold:   277        SH:  0    Dex: 13    Spells: 5/11 levels left

rFire   . . .      SeeInvis .    (no weapon)
rCold   . . .      Faith    .    (no shield)
rNeg    . . .      Spirit   .    (helmet restricted)
rPois   .          Reflect  .    b - amulet of magic regeneration
rElec   .          Harm     .    (no ring)
rCorr   .          Rampage  .    (no ring)
Will    .....                    (no ring)
Stlth   ++++                     (no ring)
HPRegen 0.26/turn                (no ring)
MPRegen 0.52/turn                (no ring)
                                 (no ring)
                                 (no ring)

@: weakened
A: almost no armour, amphibious, 8 rings, camouflage 1, gelatinous body 1,
(nimble swimmer 1), tentacles
a: no special abilities


You were on level 4 of the Dungeon.
You visited 1 branch of the dungeon, and saw 4 of its levels.

You collected 277 gold pieces.

Inventory:

Jewellery
 b - an amulet of magic regeneration (around mantle)
Wands
 i - a wand of flame (10)
Scrolls
 c - 2 scrolls of enchant armour {unknown}
 d - 3 scrolls of identify {unknown}
 e - 4 scrolls of teleportation {unknown}
 j - 2 scrolls of amnesia {unknown}
 k - a scroll of magic mapping {unknown}
 l - a scroll of silence {unknown}
 o - a scroll of poison {unknown}
Potions
 a - 2 potions of magic
 f - a potion of curing {unknown}
 g - 3 potions of ambrosia {unknown}
 h - a potion of might {unknown}
 m - a potion of resistance {unknown}
 n - a potion of degeneration {unknown}


   Skills:
 * Level 3.7 Dodging
 + Level 4.2 Stealth
 + Level 3.1 Spellcasting
 + Level 4.7 Conjurations
 * Level 2.1 Hexes
 + Level 0.6 Poison Magic


You had 5 spell levels left.
You knew the following spells:

 Your Spells              Type           Power      Damage    Failure   Level
a - Magic Dart            Conj           88%        1d7       1%          1
b - Searing Ray           Conj           44%        2d6       3%          2
c - Slow                  Hex            44%        N/A       6%          1
d - Poisonous Vapours     Pois/Air       8%         N/A       19%         2

Your spell library contained the following spells:

 Spells                   Type           Power      Damage    Failure   Level
 Kiss of Death            Conj/Necr      48%        2d9       5%          1
 Dazzling Flash           Conj/Hex       34%        N/A       10%         3
 Confusing Touch          Hex            11%        N/A       17%         3
 Cigotuvi's Dreadful Rot  Necr/Pois/Air  8%         N/A       19%         2
 Mephitic Cloud           Conj/Pois/Air  10%        N/A       21%         3
 Fulminant Prism          Conj/Hex       8%         3d7       32%         4
 Kindle Blastsparks       Fire/Tloc/Air  6%         2d10      38%         3
 Vampiric Draining        Necr           3%         2d6       38%         3
 Iskenderun's Mystic Bla  Conj/Tloc      12%        2d5       47%         4
 Dispel Undead            Necr           3%         3d7       80%         4
 Lee's Rapid Deconstruct  Erth           1%         3d4*      98%         5


Dungeon Overview and Level Annotations

Branches:
Dungeon (4/15)
 Temple: D:4-7

Altars:

Annotations:
D:3 1 runed translucent door, Crazy Yiuf


Innate Abilities, Weirdness & Mutations

You cannot wear most types of armour.
You are amphibious.
You can wear up to eight rings at the same time.
Your skin changes colour to match your surroundings (Stealth+).
Your rubbery body absorbs attacks. (AC +1, EV +1)
((You are camouflaged when in or above water. (Stealth+)))
You have tentacles for arms and can constrict up to eight enemies at once.


Message History

The gnoll is heavily wounded.
The gnoll misses you. The gnoll bouda barely misses you.
The searing ray hits the gnoll bouda.
The gnoll bouda is almost dead.
The searing ray hits the gnoll.
You kill the gnoll!
The searing ray hits the kobold.
You kill the kobold!
The gnoll barely misses you.
The gnoll hits you from afar with a +0 halberd.
The gnoll misses you.
The gnoll bouda attacks as you move away!
The gnoll bouda hits you with a +0 whip!
The gnoll is no longer moving quickly.
The gnoll bouda calls upon its god to heal the gnoll.
The gnoll's wounds heal themselves!
The gnoll bouda gazes fiercely through you!
You feel your attacks grow feeble. The gnoll closely misses you.
The gnoll bouda barks out a call to the hunt!
The gnoll picks up the pace!
The gnoll attacks as you move away! The gnoll misses you.
The gnoll is no longer moving quickly.
Your attacks no longer feel as feeble.
The gnoll is no longer moving quickly. x2
The gnoll bouda barks out a call to the hunt!
The gnolls pick up the pace!
The gnoll attacks as you move away! The gnoll closely misses you.
The gnoll hits you from afar with a +0 halberd.
The gnoll misses you. The gnoll barely misses you. The gnoll misses you.
The gnoll hits you with a +0 club.
* * * LOW HITPOINT WARNING * * *
The gnoll bouda gazes fiercely through you!
You feel your attacks grow feeble.
The gnoll hits you from afar with a +0 halberd.
* * * LOW HITPOINT WARNING * * *
The gnoll bouda mumbles some strange prayers to its god.
The gnoll bouda is healed somewhat.
The gnoll hits you from afar with a +0 halberd.
You die...

.......#......# #.....#
......#...##+###.....###
...####..........#......
##+#..............#......
#........#....รท..........
#........#...............
#.............g..........
#......)..g...l..........
#.....(<@ggg.#####.......
####......#### #.......
#......# #....... ####...#
#####... #...# ... #####
###


You could see a gnoll bouda, an iguana and 4 gnolls.

Vanquished Creatures
  A necrophage (D:3)
  Jessica (D:3)
  Natasha (thrice) (D:3)
  An adder (D:3)
  A gnoll (D:4)
  A worm (D:3)
  4 dart slugs
  6 orcs
  7 ball pythons
  7 endoplasms
  3 giant cockroaches
  5 goblins
  6 hobgoblins
  2 jackals (D:3)
  10 kobolds
  3 quokkas
  8 bats
  5 frilled lizards
  5 rats
79 creatures vanquished.

Vanquished Creatures (others)
  A fungus (D:3)
  2 plants (D:1)
  4 toadstools (D:1)
7 creatures vanquished.

Grand Total: 86 creatures vanquished

Notes
Turn   | Place    | Note
-------+----------+-------------------------------------------
     0 | D:1      | kingofthe the Octopode Conjurer began the quest for the
                  | Orb.
     0 | D:1      | Reached XP level 1. HP: 11/11 MP: 3/3
   117 | D:1      | Reached XP level 2. HP: 10/17 MP: 0/5
   161 | D:1      | Learned a level 2 spell: Searing Ray
   300 | D:1      | Reached XP level 3. HP: 20/21 MP: 3/6
   379 | D:1      | Learned a level 1 spell: Slow
  1093 | D:3      | Reached XP level 4. HP: 27/27 MP: 4/7
  1215 | D:3      | Found a faded altar of an unknown god.
  1246 | D:3      | Noticed Natasha
  1269 | D:3      | Killed Natasha
  1290 | D:3      | Reached skill level 1 in Hexes
  1331 | D:3      | Noticed Natasha
  1337 | D:3      | Killed Natasha
  1338 | D:3      | Reached XP level 5. HP: 31/31 MP: 6/9
  1449 | D:3      | Noticed Natasha
  1453 | D:3      | Killed Natasha
  1496 | D:3      | Noticed Jessica
  1498 | D:3      | Killed Jessica
  1605 | D:3      | Found a runed translucent door.
  1606 | D:3      | Noticed Crazy Yiuf
  1643 | D:3      | Learned a level 2 spell: Poisonous Vapours
  1760 | D:3      | Reached XP level 6. HP: 11/36 MP: 1/10
  1967 | D:4      | Slain by a gnoll

Illustrated notes

Levels and vault maps discovered:
D:1:      ldierk_walled_garden_2, layout_basic, st_stairs_5
D:2:      layout_rooms
D:3:      layout_basic, ebering_ecumenical_altar_rust, chequers_garden,
          uniq_natasha, uniq_crazy_yiuf_cottage, uniq_jessica
D:4:      layout_basic, uniq_blork_the_orc

Skill      XL: |  1  2  3  4  5 |
---------------+----------------+-----
Stealth        | 3 4 |  4.2
Dodging        | 3 |  3.7
Hexes          | 1 2 |  2.1
Spellcasting   | 3 |  3.1
Conjurations   | |  4.7
Poison Magic   | |  0.6

Action                     |  1- 3 |  4- 6 || total
---------------------------+-------+-------++-------
  Melee: Unarmed           |    11 |       ||    11
         Constrict         |     3 |       ||     3
         Tentacles         |     1 |       ||     1
   Cast: Magic Dart        |    83 |    59 ||   142
         Searing Ray       |     1 |    13 ||    14
 Armour: Skin              |     4 |       ||     4
  Dodge: Dodged            |    15 |    27 ||    42

Table legend: (Time is in decaauts)
 A = Elapsed time spent in this place.
 B = Non-inter-level travel time spent in this place.
 C = Inter-level travel time spent in this place.
 D = Time resting spent in this place.
 E = Time spent auto-exploring this place.
 F = Levels seen in this place.
 G = Mean time per level.
                   A        B        C        D        E       F      G
               +--------+--------+--------+--------+--------+-----+--------+
         Total |   1991 |   1809 |    182 |    172 |   1236 |   4 |  497.8 |
       Dungeon |   1991 |   1809 |    182 |    172 |   1236 |   4 |  497.8 |
               +--------+--------+--------+--------+--------+-----+--------+

Top non-repeatable levels by time:
     D:3: 735 daAuts
     D:1: 687 daAuts
     D:2: 419 daAuts
     D:4: 149 daAuts
